 Dungeon Crawl Stone Soup version 0.31-a0-354-g827e0957a7 (webtiles) character file.

Game seed: 6486927148458981607

82 Locuples the Stinger (level 4, -1/24 HPs)
             Began as a Deep Elf Venom Mage on July 24, 2023.
             Slain by a jelly (3 damage)
             ... on level 3 of the Dungeon.
             The game lasted 00:07:52 (2819 turns).

Locuples the Stinger (Deep Elf Venom Mage)          Turns: 2819, Time: 00:07:53

Health: -1/24      AC:  4    Str: 11    XL:     4   Next: 21%
Magic:  7/12       EV: 12    Int: 22    God:
Gold:   107        SH:  0    Dex: 15    Spells: 7/11 levels left

rFire   . . .        (no weapon)
rCold   . . .        (no shield)
rNeg    . . .        a - +0 robe
rPois   .            k - +0 helmet
rElec   .            (no cloak)
rCorr   .            j - +0 pair of gloves
SInv    .            (no boots)
Will    .....        (no amulet)
Stlth   ++           m - +6 ring of strength
HPRegen 0.24/turn    (no ring)
MPRegen 0.13/turn

%: no passive effects
@: very slightly contaminated
A: no striking features
a: no special abilities


You were on level 3 of the Dungeon.
You visited 1 branch of the dungeon, and saw 3 of its levels.

You collected 127 gold pieces.
You spent 20 gold pieces at shops.

Inventory:

Armour
 a - a +0 robe (worn)
 j - a +0 pair of gloves (worn)
 k - a +0 helmet (worn)
Jewellery
 m - a +6 ring of strength (left hand)
Scrolls
 e - a scroll of noise {unknown}
 f - a scroll of torment {unknown}
 g - a scroll of blinking {unknown}
 h - a scroll of identify
 i - 3 scrolls of immolation
 l - 2 scrolls of teleportation
 n - a scroll of enchant weapon {unknown}
Potions
 b - a potion of magic
 c - 7 potions of lignification
 d - a potion of curing


   Skills:
 - Level 2.4 Dodging
 - Level 2.4 Stealth
 * Level 4.0 Spellcasting
 * Level 0.9 Conjurations
 * Level 2.1 Transmutations
 * Level 1.0 Air Magic
 * Level 4.2 Poison Magic


You had 7 spell levels left.
You knew the following spells:

 Your Spells              Type           Power      Damage    Failure   Level
a - Sting                 Tmut/Pois      72%        1d6       3%          1
b - Mephitic Cloud        Conj/Pois/Air  13%        N/A       14%         3

Your spell library contained the following spells:

 Spells                   Type           Power      Damage    Failure   Level
 Poisonous Vapours        Pois/Air       32%        N/A       6%          2
 Shock                    Conj/Air       32%        1d5       8%          1
 Olgreb's Toxic Radiance  Pois           23%        N/A       19%         4
 Swiftness                Air            8%         N/A       22%         3
 Airstrike                Air            4%         2d(1-17)  58%         4


Dungeon Overview and Level Annotations

Branches:
Dungeon (3/15)

Altars:
Elyvilon
Uskayaw

Shops:
D:3 ?


Message History

You kill the goblin!
Found a leather armour.
Found a short sword.
A jelly comes into view.
A jelly is nearby!
You see here 14 gold pieces.
Aiming: Sting (safe; 3% risk of failure)
Press: ? - help, Q - select action Shift-Dir - straight line, f - jelly
Aim: a jelly (asleep, 100% to hit)
The sting hits the jelly.
The jelly is poisoned.
The jelly is lightly wounded.
The jelly quivers.
Aiming: Sting (safe; 3% risk of failure)
Press: ? - help, Q - select action Shift-Dir - straight line, f/p - jelly
Aim: a jelly (lightly wounded, poisoned, 100% to hit)
You miscast Sting.
You are very lightly contaminated with residual magic.
Nothing appears to happen.
Aiming: Sting (safe; 3% risk of failure)
Press: ? - help, Q - select action Shift-Dir - straight line, f/p - jelly
Aim: a jelly (lightly wounded, poisoned, 100% to hit)
The sting hits the jelly.
The jelly partially resists.
The jelly looks even sicker.
The jelly is moderately wounded.
The jelly completely misses you.
Aiming: Sting (safe; 3% risk of failure)
Press: ? - help, Q - select action Shift-Dir - straight line, f/p - jelly
Aim: a jelly (heavily wounded, very poisoned, 100% to hit)
You miscast Sting.
Nothing appears to happen.
The jelly hits you.
You are splashed with acid!
Aiming: Sting (safe; 3% risk of failure)
Press: ? - help, Q - select action Shift-Dir - straight line, f/p - jelly
Aim: a jelly (heavily wounded, very poisoned, 100% to hit)
The sting hits the jelly.
The jelly partially resists.
The jelly is heavily wounded.
The jelly hits you.
You are splashed with acid!
* * * LOW HITPOINT WARNING * * *
The jelly attacks as you move away! The jelly misses you.
The jelly attacks as you move away! The jelly hits you.
You die...

########
#....J.##
#+####@.########
##....#...##
####......##
#.......#
######.......##
#........[......
#######.....###.
#.).........###.
#.####.......>.


You could see a jelly (very poisoned).

Vanquished Creatures
  2 adders (D:2)
  2 worms (D:2)
  A dart slug (D:2)
  9 endoplasms
  A giant cockroach (D:1)
  2 goblins
  7 hobgoblins
  4 kobolds
  3 quokkas
  3 ball pythons
  5 bats
  16 frilled lizards
  3 rats
58 creatures vanquished.

Notes
Turn   | Place    | Note
-------+----------+-------------------------------------------
     0 | D:1      | Locuples the Deep Elf Venom Mage began the quest for the
                  | Orb.
     0 | D:1      | Reached XP level 1. HP: 10/10 MP: 6/6
   215 | D:1      | Reached XP level 2. HP: 13/15 MP: 2/8
   996 | D:1      | Reached XP level 3. HP: 19/19 MP: 8/10
  1276 | D:2      | Learned a level 3 spell: Mephitic Cloud
  1485 | D:2      | Reached skill level 1 in Air Magic
  1765 | D:2      | Reached XP level 4. HP: 20/24 MP: 7/11
  2528 | D:3      | Found Eramnyt's Magic Scroll Shop.
  2536 | D:3      | Bought a scroll of identify for 20 gold pieces
  2632 | D:3      | Found a white marble altar of Elyvilon.
  2681 | D:3      | Found a hide-covered altar of Uskayaw.
  2819 | D:3      | Slain by a jelly

Illustrated notes

Levels and vault maps discovered:
D:1:      dreamdust_arrival_beginning_and_end, layout_basic, minmay_lizard_king
D:2:      layout_basic
D:3:      layout_rooms, mainiacjoe_overflow_large_starburst,
          hellmonk_okawaru_the_only_friend_you_need, serial_shops,
          nicolae_shop_just_a_little_nook, shapermc_ecumenical_altar_flowoftime,
          uniq_terence, uniq_robin

Skill      XL: |  1  2  3  4 |
---------------+-------------+-----
Poison Magic   | 4 |  4.2
Transmutations | 2 |  2.1
Air Magic      | 1 |  1.0
Spellcasting   | 4 |  4.0
Dodging        | |  2.4
Stealth        | |  2.4
Conjurations   | |  0.9

Action                     |  1- 3 |  4- 6 || total
---------------------------+-------+-------++-------
  Melee: Unarmed           |    17 |     1 ||    18
   Cast: Sting             |    91 |    28 ||   119
    Use: Scroll            |       |     4 ||     4
 Armour: Robe              |     7 |     4 ||    11
  Dodge: Dodged            |    41 |     7 ||    48

Table legend: (Time is in decaauts)
 A = Elapsed time spent in this place.
 B = Non-inter-level travel time spent in this place.
 C = Inter-level travel time spent in this place.
 D = Time resting spent in this place.
 E = Time spent auto-exploring this place.
 F = Levels seen in this place.
 G = Mean time per level.
                   A        B        C        D        E       F      G
               +--------+--------+--------+--------+--------+-----+--------+
         Total |   2818 |   2703 |    115 |    242 |   1953 |   3 |  939.3 |
       Dungeon |   2818 |   2703 |    115 |    242 |   1953 |   3 |  939.3 |
               +--------+--------+--------+--------+--------+-----+--------+

Top non-repeatable levels by time:
     D:2: 1303 daAuts
     D:1: 1111 daAuts
     D:3: 403 daAuts
